 Dungeon Crawl Stone Soup version 0.29.0-11-gd7f09526c8 (webtiles) character file.

Game seed: 12187791031828266492

1 sentinel the Stinger (level 1, -2/14 HPs)
             Began as a Meteoran Venom Mage on Sept 4, 2022.
             Slain by a goblin
             ... wielding a +0 dagger
              (3 damage)
             ... on level 1 of the Dungeon.
             The game lasted 00:00:13 (37 turns).

sentinel the Stinger (Meteoran Venom Mage)            Turns: 37, Time: 00:00:13

Health: -2/14      AC:  2    Str:  9    XL:     1   Next: 28%
Magic:  4/5        EV: 12    Int: 16    God:
Gold:   0          SH:  0    Dex: 14    Spells: 4/5 levels left

rFire   . . .      SeeInvis .   (no weapon)
rCold   . . .      Faith    .   (no shield)
rNeg    . . .      Spirit   .   a - +0 robe
rPois   .          Reflect  .   (no helmet)
rElec   .          Harm     .   (no cloak)
rCorr   .          Rampage  .   (no gloves)
Will    .....                   (no boots)
Stlth   +.........              (no amulet)
HPRegen 0.04/turn               (no ring)
MPRegen 0.09/turn               (no ring)

@: very slightly contaminated, glowing
A: sense surroundings 1, otherworldly, glowing, explore regen
a: no special abilities


You were on level 1 of the Dungeon.
You visited 1 branch of the dungeon, and saw 1 of its levels.

Inventory:

Armour
 a - a +0 robe (worn)
Scrolls
 c - 2 scrolls of identify {unknown}
Potions
 b - a potion of magic
 d - a potion of brilliance {unknown}


   Skills:
 - Level 2.4 Dodging
 - Level 1.4 Stealth
 - Level 2.6 Spellcasting
 - Level 1.2 Transmutations
 + Level 3.7 Poison Magic


You had 4 spell levels left.
You knew the following spells:

 Your Spells              Type           Power      Damage    Failure   Level
a - Sting                 Tmut/Pois      40%        1d5       7%          1

Your spell library contained the following spells:

 Spells                   Type           Power      Damage    Failure   Level
 Poisonous Vapours        Pois/Air       16%        N/A       14%         2
 Mephitic Cloud           Conj/Pois/Air  6%         N/A       34%         3
 Olgreb's Toxic Radiance  Pois           14%        N/A       38%         4


Dungeon Overview and Level Annotations

Branches:
Dungeon (1/15) Zot: 562

Altars:


Innate Abilities, Weirdness & Mutations

You passively map a small area around you.
You are easily found by Zot.
You glow in the dark.
You regain HP and MP as you explore.


Message History

Welcome, sentinel the Meteoran Venom Mage.
They say the Orb of Zot lies within this dungeon, but they say a lot of things.
Press ? for a list of commands and other information.
Found a scroll labelled HOMARCH SELASHAUX.
Found a staircase leading out of the dungeon.
Found a puce potion.
Found a leather armour.
Found a scroll labelled HOMARCH SELASHAUX.
c - a scroll labelled HOMARCH SELASHAUX
d - a puce potion
c - 2 scrolls labelled HOMARCH SELASHAUX (gained 1)
A ball python comes into view.
The ball python hisses angrily.
The sting hits the ball python.
The ball python is poisoned.
You kill the ball python!
You can't see any susceptible monsters within range! (Use Z to cast anyway.)
You see here a ball python corpse.
A bat comes into view.
The bat hits you. The bat hits you but does no damage.
The sting hits the bat.
The bat is poisoned.
You kill the bat!
You can't see any susceptible monsters within range! (Use Z to cast anyway.)
You open the door. 2 endoplasms come into view.
A goblin comes into view. It is wielding a +0 dagger.
The endoplasm quivers.
There is an open door here.
The sting hits the endoplasm.
The endoplasm partially resists.
The endoplasm is lightly wounded.
The endoplasm hits you. The endoplasm freezes you.
You are frozen.
You miscast Sting.
You are very lightly contaminated with residual magic.
Nothing appears to happen.
The endoplasm freezes you.
You are frozen.
The endoplasm freezes you.
You are frozen.
* * * LOW HITPOINT WARNING * * *
You are too injured to fight recklessly!
You are too injured to fight recklessly!
Are you sure you want to abandon this character and quit the game? (Confirm with "yes".)
Okay, then.
Unknown command.
Unknown command.
Unknown command.
Unknown command.
You hit the endoplasm.
The endoplasm is lightly wounded.
The endoplasm freezes you.
You are frozen.
* * * LOW HITPOINT WARNING * * *
The endoplasm freezes you.
You are frozen.
* * * LOW HITPOINT WARNING * * *
HP warning!
You hit the endoplasm.
The endoplasm is moderately wounded.
The endoplasm misses you.
The endoplasm hits you but does no damage.
HP warning!
You hit the endoplasm.
The endoplasm is heavily wounded.
The endoplasm closely misses you. The goblin hits you but does no damage.
The endoplasm hits you.
* * * LOW HITPOINT WARNING * * *
HP warning!
You hit the endoplasm but do no damage.
The endoplasm is heavily wounded.
The endoplasm misses you. The endoplasm completely misses you.
The goblin hits you with a +0 dagger.
You die...

, ,... , , , * ## #.#
, . ... , #. * #.# *
* #.. #.# , ,*, *
###..##*#.# *, , ,
....... #.# ,
......J##.########*
......J@.......†.####
*
......g###.###.#....#
.......,...#
#.[....### *
,.......#####
#........## .......
#.......... .......
#.......... ###.###
#....8..... .. *
###........ *
#........


You could see 2 endoplasms and a goblin.

Vanquished Creatures
  A ball python (D:1)
  A bat (D:1)
2 creatures vanquished.

Notes
Turn   | Place    | Note
-------+----------+-------------------------------------------
     0 | D:1      | sentinel the Meteoran Venom Mage began the quest for the
                  | Orb.
     0 | D:1      | Reached XP level 1. HP: 14/14 MP: 5/5
    37 | D:1      | Slain by a goblin

Illustrated notes

Levels and vault maps discovered:
D:1:      nicolae_arrival_washed_ashore, layout_basic,
          ebering_ecumenical_altar_box

Action                   || total
-------------------------++-------
Melee: Unarmed           ||     4
 Cast: Sting             ||     3
Armor: Robe              ||     3
Dodge: Dodged            ||     4
